[ AOE2 MATCH · #463528746 ]
Team RMMuisca vs Portuguese
[ REPLAY ANALYSIS · EXTRACTED FROM THE RECORDED GAME ]
Feudal
14:59
Castle
21:09
Imperial
—
| APM avg | 37.9 |
| APM peak | 81 |
| eAPM avg | 19.3 |
| Villagers / military | 96 / 218 |
Focus
⚔️ 40.8% · 🌾 59.2%
Unknown (2550) ×190 · Spearman ×117 · Fishing Ship ×45 · Skirmisher ×35 · Monk ×20 · Petard ×12
Feudal
12:41
Castle
21:55
Imperial
39:47
| APM avg | 47.7 |
| APM peak | 131 |
| eAPM avg | 25.1 |
| Villagers / military | 90 / 302 |
Focus
⚔️ 41.8% · 🌾 58.2%
Archer ×123 · Skirmisher ×120 · Organ Gun ×20 · Fire Galley ×18 · Fishing Ship ×11 · Unknown (2626) ×8
Feudal
14:06
Castle
20:56
Imperial
42:10
| APM avg | 40.5 |
| APM peak | 97 |
| eAPM avg | 19.5 |
| Villagers / military | 95 / 309 |
Focus
⚔️ 44.6% · 🌾 55.4%
Cavalry Archer ×256 · Battering Ram ×39 · Fishing Ship ×31 · Trebuchet (Packed) ×8 · Unknown (2626) ×6 · Mangonel ×2
Feudal
13:58
Castle
25:33
Imperial
52:05
| APM avg | 28.4 |
| APM peak | 69 |
| eAPM avg | 15.9 |
| Villagers / military | 143 / 151 |
Focus
⚔️ 31.4% · 🌾 68.6%
Knight ×114 · Scout Cavalry ×19 · Unknown (2626) ×14 · Trebuchet (Packed) ×10 · Fishing Ship ×9 · Coustillier ×4
Match map
Initial resources + every placement click. Lines = walls · curves = elevation contours. ◆ gold · ⬟ stone · ● berries · ✦ relic · ◌ wall gap
Your base· Open — unwalled flank
Spopovich's base· Open — unwalled flank
Cleaninger's base· Open — 9t gap
oruiz15phone's base· Open — 8t gap
Smoothed initial terrain · ◌ = detected wall gap · hover for details
Inputs per minute
— HighKiX - - Spopovich
Build order — HighKiX
First 150 of 508 actions detected
| 0:20 | Build | House |
| 0:40 | Build | Town Center |
| 1:20 | Build | House |
| 3:21 | Create | Villager (Male) |
| 3:21 | Create | Villager (Male) |
| 3:22 | Create | Villager (Male) |
| 3:22 | Create | Villager (Male) |
| 4:45 | Create | Villager (Male) |
| 5:00 | Create | Villager (Male) |
| 5:22 | Create | Villager (Male) |
| 6:00 | Create | Villager (Male) |
| 6:22 | Create | Villager (Male) |
| 6:23 | Create | Villager (Male) |
| 7:08 | Create | Villager (Male) |
| 7:08 | Create | Villager (Male) |
| 7:17 | Create | Villager (Male) |
| 7:17 | Create | Villager (Male) |
| 7:20 | Research | Loom |
| 7:45 | Create | Villager (Male) |
| 7:53 | Build | Dock |
| 7:58 | Build | House |
| 8:25 | Create | Villager (Male) |
| 8:34 | Create | Fishing Ship |
| 8:41 | Build | House |
| 9:02 | Build | House |
| 9:24 | Create | Villager (Male) |
| 9:25 | Create | Villager (Male) |
| 9:57 | Create | Villager (Male) |
| 9:57 | Create | Villager (Male) |
| 9:57 | Create | Villager (Male) |
| 9:58 | Create | Villager (Male) |
| 10:00 | Create | Fishing Ship |
| 10:00 | Create | Fishing Ship |
| 10:50 | Build | Settlement |
| 11:32 | Create | Fishing Ship |
| 11:37 | Create | Villager (Male) |
| 12:09 | Create | Villager (Male) |
| 12:49 | Research | Feudal Age |
| 12:50 | Research | Feudal Age |
| 12:58 | Create | Fishing Ship |
| 13:00 | Create | Fishing Ship |
| 13:42 | Create | Villager (Male) |
| 13:42 | Create | Villager (Male) |
| 13:57 | Build | Dock |
| 14:16 | Build | Barracks |
| 14:25 | Build | House |
| 14:56 | Create | Fishing Ship |
| 14:57 | Create | Fishing Ship |
| 14:59 | Age | Feudal Age |
| 15:28 | Build | Settlement |
| 15:32 | Create | Villager (Male) |
| 15:32 | Create | Villager (Male) |
| 15:57 | Build | Blacksmith |
| 16:16 | Create | Villager (Male) |
| 16:16 | Create | Villager (Male) |
| 17:18 | Build | Market |
| 17:22 | Create | Villager (Male) |
| 17:24 | Create | Villager (Male) |
| 17:44 | Create | Demolition Raft |
| 17:57 | Create | Unit 2550 |
| 17:57 | Create | Unit 2550 |
| 18:05 | Create | Spearman |
| 18:14 | Research | Double-Bit Axe |
| 18:29 | Research | Castle Age |
| 18:42 | Create | Fishing Ship |
| 18:42 | Create | Fishing Ship |
| 18:50 | Create | Villager (Male) |
| 18:50 | Create | Villager (Male) |
| 19:12 | Build | Archery Range |
| 19:27 | Create | Villager (Male) |
| 19:27 | Create | Villager (Male) |
| 19:55 | Create | Unit 2626 |
| 19:56 | Create | Fire Galley |
| 20:14 | Create | Galley |
| 20:26 | Build | House |
| 20:27 | Build | House |
| 20:34 | Create | Spearman |
| 20:34 | Create | Spearman |
| 20:44 | Research | Wheelbarrow |
| 20:45 | Create | Villager (Male) ×5 |
| 21:09 | Age | Castle Age |
| 21:11 | Build | Town Center |
| 21:29 | Build | House |
| 21:35 | Create | Petard |
| 21:35 | Create | Petard |
| 21:35 | Create | Petard |
| 21:36 | Create | Petard |
| 21:45 | Create | Villager (Male) |
| 21:45 | Create | Villager (Male) |
| 22:13 | Research | Elite Skirmisher (upgrade) |
| 22:17 | Research | Scale Mail Armor |
| 22:19 | Create | Demolition Raft |
| 22:20 | Create | Demolition Raft |
| 22:22 | Create | Fishing Ship |
| 22:22 | Create | Fishing Ship |
| 22:22 | Create | Fishing Ship |
| 22:23 | Create | Fishing Ship |
| 22:30 | Build | House |
| 22:31 | Build | House |
| 22:53 | Create | Villager (Male) |
| 22:54 | Create | Villager (Male) |
| 22:59 | Create | Villager (Male) |
| 23:15 | Build | Fish Trap |
| 23:17 | Build | Fish Trap |
| 23:36 | Build | Barracks |
| 23:38 | Build | Archery Range |
| 23:48 | Research | Tech 1402 |
| 23:56 | Build | House |
| 23:56 | Build | House |
| 23:57 | Build | House |
| 23:58 | Build | House |
| 23:59 | Build | House |
| 23:59 | Build | House |
| 24:01 | Build | House |
| 24:02 | Build | House |
| 24:04 | Create | Villager (Male) |
| 24:06 | Create | Villager (Male) |
| 24:06 | Create | Villager (Male) |
| 24:14 | Build | Fish Trap |
| 24:27 | Build | Fish Trap |
| 24:34 | Create | Villager (Male) |
| 24:34 | Create | Villager (Male) |
| 25:02 | Create | Unit 2550 |
| 25:02 | Create | Unit 2550 |
| 25:02 | Create | Unit 2550 |
| 25:19 | Build | Monastery |
| 25:32 | Build | University |
| 25:37 | Create | Villager (Male) |
| 25:38 | Create | Villager (Male) |
| 25:38 | Create | Villager (Male) |
| 25:42 | Create | Unit 2550 |
| 25:42 | Create | Unit 2550 |
| 26:02 | Create | Fishing Ship |
| 26:02 | Create | Fishing Ship |
| 26:02 | Create | Fishing Ship |
| 26:02 | Create | Fishing Ship |
| 26:12 | Research | Tech 906 |
| 26:34 | Research | Tech 1351 |
| 26:39 | Build | Farm |
| 26:39 | Build | Farm |
| 26:39 | Build | Farm |
| 26:39 | Build | Farm |
| 26:40 | Build | Farm |
| 26:40 | Build | Farm |
| 26:40 | Build | Farm |
| 26:41 | Build | Farm |
| 26:51 | Build | Fish Trap |
| 26:58 | Build | Fish Trap |
| 27:10 | Research | Squires |
| 27:11 | Create | Unit 2550 |
Build order — Spopovich
First 150 of 535 actions detected
| 0:19 | Build | House |
| 0:25 | Build | Town Center |
| 1:36 | Build | Dock |
| 2:41 | Create | Villager (Male) |
| 2:41 | Create | Villager (Male) |
| 2:41 | Create | Villager (Male) |
| 2:41 | Create | Villager (Male) |
| 3:31 | Build | House |
| 3:47 | Research | Loom |
| 3:56 | Create | Fishing Ship |
| 4:36 | Create | Villager (Male) |
| 4:49 | Build | House |
| 5:11 | Create | Villager (Male) |
| 5:23 | Create | Villager (Male) |
| 5:24 | Create | Villager (Male) |
| 5:46 | Create | Villager (Male) |
| 5:54 | Research | Loom |
| 5:55 | Create | Villager (Male) |
| 6:10 | Create | Villager (Male) |
| 6:11 | Create | Villager (Male) |
| 6:11 | Create | Villager (Male) |
| 6:29 | Create | Villager (Male) |
| 6:29 | Create | Villager (Male) |
| 6:42 | Create | Villager (Male) |
| 7:10 | Build | House |
| 7:37 | Create | Villager (Male) |
| 7:57 | Create | Villager (Male) |
| 8:12 | Create | Villager (Male) |
| 8:13 | Create | Villager (Male) |
| 8:13 | Create | Villager (Male) |
| 8:46 | Build | Lumber Camp |
| 9:35 | Create | Villager (Male) |
| 9:40 | Create | Fishing Ship |
| 10:10 | Research | Feudal Age |
| 10:58 | Create | Fishing Ship |
| 11:16 | Build | Dock |
| 11:20 | Build | House |
| 11:27 | Create | Fishing Ship |
| 11:53 | Build | House |
| 12:18 | Create | Fishing Ship |
| 12:19 | Create | Fishing Ship |
| 12:38 | Build | Barracks |
| 12:41 | Age | Feudal Age |
| 12:43 | Research | Double-Bit Axe |
| 12:46 | Create | Villager (Male) |
| 13:04 | Create | Unit 2626 |
| 13:08 | Build | House |
| 13:12 | Create | Villager (Male) |
| 13:13 | Create | Villager (Male) |
| 13:17 | Research | Wheelbarrow |
| 13:42 | Build | Stable |
| 13:59 | Create | Villager (Male) |
| 14:10 | Create | Fishing Ship |
| 14:36 | Create | Villager (Male) |
| 14:39 | Create | Scout Cavalry |
| 15:03 | Build | Mill |
| 15:15 | Build | Dock |
| 15:21 | Build | House |
| 15:37 | Create | Fishing Ship |
| 15:38 | Create | Unit 2626 |
| 15:40 | Create | Villager (Male) |
| 16:02 | Create | Villager (Male) |
| 16:06 | Build | Market |
| 16:43 | Create | Fishing Ship |
| 16:45 | Create | Unit 2626 |
| 16:46 | Create | Fishing Ship |
| 16:51 | Create | Fire Galley |
| 16:53 | Create | Villager (Male) |
| 17:03 | Research | Horse Collar |
| 17:13 | Build | Farm |
| 17:13 | Build | Farm |
| 17:13 | Build | Farm |
| 17:14 | Build | Farm |
| 17:14 | Build | Farm |
| 17:15 | Build | Farm |
| 17:15 | Build | Farm |
| 17:15 | Build | Farm |
| 17:16 | Build | Farm |
| 17:16 | Build | Farm |
| 17:17 | Build | Farm |
| 17:17 | Build | Farm |
| 17:18 | Build | Farm |
| 17:19 | Build | Farm |
| 17:19 | Build | Farm |
| 17:19 | Build | Farm |
| 17:31 | Build | Farm |
| 17:35 | Build | Farm |
| 17:43 | Build | Farm |
| 17:45 | Create | Villager (Male) |
| 17:46 | Create | Villager (Male) |
| 18:10 | Create | Fishing Ship |
| 18:11 | Create | Unit 2626 |
| 18:12 | Create | Villager (Male) |
| 18:40 | Build | House |
| 18:55 | Research | Town Watch |
| 18:55 | Create | Villager (Male) |
| 19:00 | Research | Castle Age |
| 19:27 | Create | Villager (Male) |
| 19:40 | Build | House |
| 20:06 | Create | Villager (Male) |
| 20:19 | Build | House |
| 20:21 | Build | House |
| 20:41 | Build | Lumber Camp |
| 20:45 | Build | House |
| 21:29 | Build | Dock |
| 21:33 | Build | House |
| 21:55 | Age | Castle Age |
| 21:58 | Create | Villager (Male) |
| 22:04 | Build | Town Center |
| 22:09 | Create | Villager (Male) |
| 22:24 | Build | Town Center |
| 22:36 | Create | Villager (Male) |
| 22:36 | Create | Villager (Male) |
| 22:39 | Research | Bow Saw |
| 22:41 | Research | Heavy Plow |
| 22:52 | Research | War Galley (upgrade) |
| 22:55 | Create | Galley |
| 23:17 | Create | Villager (Male) |
| 23:17 | Create | Villager (Male) |
| 23:17 | Create | Villager (Male) |
| 23:22 | Create | Galley |
| 23:22 | Create | Galley |
| 23:30 | Build | House |
| 23:35 | Build | House |
| 23:40 | Create | Galley |
| 23:43 | Create | Villager (Male) |
| 23:43 | Create | Villager (Male) |
| 23:44 | Create | Villager (Male) |
| 23:44 | Create | Villager (Male) |
| 23:44 | Create | Villager (Male) |
| 23:44 | Create | Villager (Male) |
| 24:12 | Create | Villager (Male) |
| 24:12 | Create | Villager (Male) |
| 24:12 | Create | Villager (Male) |
| 24:12 | Create | Villager (Male) |
| 24:25 | Create | Fire Galley |
| 24:27 | Create | Unit 2626 |
| 24:28 | Create | Galley |
| 25:02 | Create | Villager (Male) |
| 25:02 | Create | Villager (Male) |
| 25:03 | Create | Villager (Male) |
| 25:03 | Create | Villager (Male) |
| 25:03 | Create | Villager (Male) |
| 25:06 | Build | Archery Range |
| 25:10 | Build | Blacksmith |
| 25:45 | Build | House |
| 25:46 | Build | House |
| 26:28 | Create | Villager (Male) |
| 26:29 | Create | Villager (Male) |
| 26:30 | Create | Villager (Male) |
Build order — Cleaninger
First 150 of 544 actions detected
| 0:08 | Build | Town Center |
| 2:18 | Create | Villager (Male) |
| 2:18 | Create | Villager (Male) |
| 2:19 | Create | Villager (Male) |
| 2:19 | Create | Villager (Male) |
| 2:19 | Create | Villager (Male) |
| 3:36 | Create | Villager (Male) |
| 3:55 | Create | Villager (Male) |
| 4:28 | Build | Lumber Camp |
| 4:40 | Create | Villager (Male) |
| 5:16 | Create | Villager (Male) |
| 5:16 | Create | Villager (Male) |
| 5:45 | Create | Villager (Male) |
| 6:23 | Create | Villager (Male) |
| 6:23 | Create | Villager (Male) |
| 7:02 | Build | Mill |
| 7:05 | Create | Villager (Male) |
| 7:05 | Create | Villager (Male) |
| 7:57 | Create | Villager (Male) |
| 8:17 | Create | Villager (Male) |
| 8:18 | Create | Villager (Male) |
| 8:46 | Create | Villager (Male) |
| 9:17 | Create | Villager (Male) |
| 10:10 | Create | Villager (Male) |
| 10:10 | Create | Villager (Male) |
| 10:10 | Create | Villager (Male) |
| 10:13 | Research | Loom |
| 10:52 | Build | Dock |
| 11:03 | Build | Dock |
| 11:17 | Build | Dock |
| 11:27 | Build | Lumber Camp |
| 11:29 | Build | Mining Camp |
| 11:33 | Research | Feudal Age |
| 11:57 | Create | Fishing Ship |
| 11:58 | Create | Fishing Ship |
| 11:58 | Create | Fishing Ship |
| 12:28 | Create | Fishing Ship |
| 12:34 | Create | Fishing Ship |
| 12:42 | Create | Fishing Ship |
| 13:39 | Create | Villager (Male) |
| 13:39 | Create | Villager (Male) |
| 13:39 | Create | Villager (Male) |
| 13:40 | Create | Villager (Male) |
| 13:40 | Create | Villager (Male) |
| 13:44 | Build | Barracks |
| 14:06 | Age | Feudal Age |
| 14:14 | Build | Blacksmith |
| 14:20 | Research | Double-Bit Axe |
| 14:53 | Create | Fishing Ship |
| 14:53 | Create | Fishing Ship |
| 14:54 | Create | Fishing Ship |
| 15:12 | Create | Fishing Ship |
| 15:13 | Create | Fishing Ship |
| 16:07 | Create | Villager (Male) |
| 16:07 | Create | Villager (Male) |
| 16:08 | Create | Villager (Male) |
| 16:08 | Create | Villager (Male) |
| 16:08 | Create | Villager (Male) |
| 16:13 | Build | Archery Range |
| 16:19 | Build | Stable |
| 16:33 | Build | Mining Camp |
| 17:00 | Build | Archery Range |
| 17:53 | Research | Castle Age |
| 18:00 | Build | Archery Range |
| 18:14 | Build | Archery Range |
| 18:22 | Research | Fletching |
| 18:22 | Research | Padded Archer Armor |
| 18:48 | Research | Bloodlines |
| 19:07 | Build | Lumber Camp |
| 19:23 | Build | Archery Range |
| 19:29 | Build | Palisade Wall |
| 19:48 | Build | Watch Tower |
| 19:59 | Create | Fire Galley |
| 19:59 | Create | Fire Galley |
| 20:13 | Build | Watch Tower |
| 20:56 | Age | Castle Age |
| 21:10 | Create | Villager (Male) |
| 21:11 | Create | Villager (Male) |
| 21:11 | Create | Villager (Male) |
| 21:26 | Research | Thumb Ring |
| 21:35 | Build | University |
| 21:44 | Create | Cavalry Archer |
| 21:44 | Create | Cavalry Archer |
| 21:44 | Create | Cavalry Archer |
| 21:45 | Create | Cavalry Archer |
| 21:45 | Create | Cavalry Archer |
| 21:45 | Create | Cavalry Archer |
| 21:45 | Create | Cavalry Archer |
| 21:46 | Create | Cavalry Archer |
| 21:46 | Create | Cavalry Archer |
| 21:46 | Create | Cavalry Archer |
| 21:46 | Create | Cavalry Archer |
| 22:17 | Create | Unit 2626 |
| 22:17 | Create | Unit 2626 |
| 22:44 | Create | Unit 2626 |
| 22:47 | Create | Unit 2626 |
| 22:47 | Create | Unit 2626 |
| 22:53 | Create | Villager (Male) |
| 22:53 | Create | Villager (Male) |
| 22:53 | Create | Villager (Male) |
| 22:53 | Create | Villager (Male) |
| 22:54 | Create | Villager (Male) |
| 22:54 | Create | Villager (Male) |
| 23:14 | Create | Unit 2626 |
| 24:04 | Create | Fishing Ship |
| 24:05 | Create | Fishing Ship |
| 24:05 | Create | Fishing Ship |
| 24:05 | Create | Fishing Ship |
| 24:05 | Create | Fishing Ship |
| 24:06 | Create | Fishing Ship |
| 24:06 | Create | Fishing Ship |
| 24:07 | Create | Fishing Ship |
| 24:19 | Create | Cavalry Archer |
| 24:20 | Create | Cavalry Archer |
| 25:01 | Create | Cavalry Archer |
| 25:02 | Create | Cavalry Archer |
| 25:02 | Create | Cavalry Archer |
| 25:03 | Create | Cavalry Archer |
| 25:04 | Create | Villager (Male) |
| 25:05 | Create | Villager (Male) |
| 25:05 | Create | Villager (Male) |
| 25:05 | Create | Villager (Male) |
| 25:06 | Create | Villager (Male) |
| 25:10 | Build | Siege Workshop |
| 25:27 | Create | Cavalry Archer |
| 25:42 | Build | Castle |
| 25:57 | Create | Fishing Ship |
| 25:58 | Create | Fishing Ship |
| 25:58 | Create | Fishing Ship |
| 25:58 | Create | Fishing Ship |
| 25:59 | Create | Villager (Male) |
| 26:00 | Create | Villager (Male) |
| 26:00 | Create | Villager (Male) |
| 26:24 | Create | Cavalry Archer |
| 26:24 | Create | Cavalry Archer |
| 26:24 | Create | Cavalry Archer |
| 26:25 | Create | Cavalry Archer |
| 26:47 | Build | Fish Trap |
| 26:49 | Build | Fish Trap |
| 26:51 | Build | Fish Trap |
| 26:59 | Build | Fish Trap |
| 27:07 | Create | Villager (Male) |
| 27:07 | Create | Villager (Male) |
| 27:08 | Create | Villager (Male) |
| 27:11 | Create | Cavalry Archer |
| 27:11 | Create | Cavalry Archer |
| 27:50 | Build | Fish Trap |
| 27:54 | Build | Fish Trap |
| 27:58 | Build | Fish Trap |
| 28:04 | Build | Fish Trap |
Build order — oruiz15phone
First 150 of 473 actions detected
| 0:54 | Build | House |
| 1:19 | Build | Town Center |
| 1:36 | Build | Dock |
| 3:32 | Create | Villager (Male) |
| 3:32 | Create | Villager (Male) |
| 3:32 | Create | Villager (Male) |
| 3:33 | Create | Villager (Male) |
| 3:33 | Create | Villager (Male) |
| 4:28 | Create | Villager (Male) |
| 4:28 | Create | Villager (Male) |
| 4:33 | Create | Fishing Ship |
| 5:17 | Build | House |
| 5:42 | Research | Loom |
| 6:00 | Create | Villager (Male) |
| 6:00 | Create | Villager (Male) |
| 6:11 | Create | Fishing Ship |
| 6:23 | Create | Villager (Male) |
| 6:23 | Create | Villager (Male) |
| 7:11 | Build | House |
| 7:14 | Create | Villager (Male) |
| 7:14 | Create | Villager (Male) |
| 7:30 | Create | Villager (Male) |
| 7:30 | Create | Villager (Male) |
| 7:50 | Create | Fishing Ship |
| 8:02 | Create | Villager (Male) |
| 8:02 | Create | Villager (Male) |
| 8:38 | Create | Villager (Male) |
| 8:39 | Create | Villager (Male) |
| 8:39 | Create | Villager (Male) |
| 8:39 | Create | Villager (Male) |
| 8:39 | Create | Villager (Male) |
| 8:40 | Create | Villager (Male) |
| 9:11 | Create | Villager (Male) |
| 9:12 | Create | Villager (Male) |
| 9:12 | Create | Villager (Male) |
| 9:33 | Build | House |
| 10:14 | Create | Villager (Male) |
| 10:15 | Create | Villager (Male) |
| 10:15 | Create | Villager (Male) |
| 10:17 | Create | Fishing Ship |
| 10:21 | Build | House |
| 10:34 | Create | Villager (Male) |
| 10:47 | Build | Mill |
| 11:11 | Create | Villager (Male) |
| 11:49 | Research | Feudal Age |
| 11:59 | Build | Mining Camp |
| 12:38 | Build | House |
| 12:42 | Create | Villager (Male) |
| 12:42 | Create | Villager (Male) |
| 12:52 | Build | Lumber Camp |
| 13:04 | Create | Villager (Male) |
| 13:04 | Create | Villager (Male) |
| 13:55 | Research | Double-Bit Axe |
| 13:58 | Age | Feudal Age |
| 14:20 | Create | Villager (Male) |
| 14:27 | Create | Unit 2626 |
| 14:28 | Create | Unit 2626 |
| 14:28 | Create | Unit 2626 |
| 14:43 | Create | Villager (Male) |
| 15:29 | Build | Dock |
| 15:36 | Create | Villager (Male) |
| 15:36 | Create | Villager (Male) |
| 15:48 | Create | Villager (Male) |
| 15:52 | Research | Bow Saw |
| 15:57 | Build | House |
| 16:15 | Create | Villager (Male) |
| 16:15 | Create | Villager (Male) |
| 16:26 | Create | Unit 2626 |
| 16:34 | Create | Unit 2626 |
| 16:34 | Create | Unit 2626 |
| 16:42 | Build | House |
| 16:45 | Build | Palisade Wall |
| 17:00 | Build | House |
| 17:03 | Build | House |
| 17:09 | Create | Villager (Male) |
| 17:09 | Create | Villager (Male) |
| 17:15 | Research | Horse Collar |
| 17:34 | Create | Demolition Raft |
| 17:34 | Create | Demolition Raft |
| 17:49 | Create | Fishing Ship |
| 17:49 | Create | Fishing Ship |
| 18:14 | Build | House |
| 18:20 | Create | Villager (Male) |
| 18:20 | Create | Villager (Male) |
| 18:28 | Build | Barracks |
| 18:38 | Research | Gold Mining |
| 18:46 | Build | Market |
| 19:01 | Build | House |
| 19:02 | Build | House |
| 19:07 | Build | House |
| 19:08 | Build | House |
| 19:13 | Create | Spearman |
| 19:13 | Create | Spearman |
| 19:22 | Create | Villager (Male) |
| 19:22 | Create | Villager (Male) |
| 19:52 | Create | Unit 2626 |
| 19:52 | Create | Unit 2626 |
| 19:59 | Create | Unit 2626 |
| 20:00 | Create | Unit 2626 |
| 20:42 | Build | Farm |
| 20:43 | Build | Farm |
| 20:44 | Build | Farm |
| 20:46 | Build | Farm |
| 20:47 | Build | Farm |
| 20:48 | Build | Farm |
| 20:50 | Build | Farm |
| 21:03 | Build | House |
| 21:04 | Build | House |
| 21:07 | Build | House |
| 21:19 | Build | Farm |
| 21:35 | Create | Villager (Male) |
| 21:55 | Build | Stable |
| 21:58 | Build | Blacksmith |
| 22:45 | Create | Villager (Male) |
| 22:45 | Create | Villager (Male) |
| 22:53 | Research | Castle Age |
| 23:22 | Research | Scale Barding Armor |
| 23:22 | Research | Forging |
| 24:05 | Create | Unit 2626 |
| 24:06 | Create | Unit 2626 |
| 24:06 | Create | Unit 2626 |
| 24:07 | Create | Unit 2626 |
| 24:21 | Build | Stable |
| 24:25 | Build | House |
| 24:27 | Build | House |
| 24:29 | Build | House |
| 24:57 | Build | House |
| 24:58 | Build | House |
| 24:59 | Build | House |
| 25:01 | Build | House |
| 25:02 | Build | House |
| 25:05 | Build | Dock |
| 25:33 | Age | Castle Age |
| 25:35 | Create | Villager (Male) |
| 25:35 | Create | Villager (Male) |
| 25:44 | Build | Town Center |
| 25:49 | Create | Villager (Male) |
| 25:49 | Create | Villager (Male) |
| 25:55 | Research | Town Watch |
| 25:58 | Research | Husbandry |
| 25:58 | Research | Cavalier (upgrade) |
| 26:01 | Research | Chain Barding Armor |
| 26:01 | Research | Iron Casting |
| 26:29 | Build | Castle |
| 26:31 | Build | Mining Camp |
| 26:37 | Create | Knight |
| 26:37 | Create | Knight |
| 26:40 | Create | Villager (Male) |
| 26:40 | Create | Villager (Male) |
| 27:04 | Build | Dock |
Match timeline
| 1:36 | Spopovich · first_building Dock |
| 1:36 | oruiz15phone · first_building Dock |
| 7:53 | HighKiX · first_building Dock |
| 10:52 | Cleaninger · first_building Dock |
| 12:38 | Spopovich · first_building Barracks |
| 12:41 | Spopovich · age_up feudal |
| 13:42 | Spopovich · first_building Stable |
| 13:44 | Cleaninger · first_building Barracks |
| 13:58 | oruiz15phone · age_up feudal |
| 14:06 | Cleaninger · age_up feudal |
| 14:16 | HighKiX · first_building Barracks |
| 14:59 | HighKiX · age_up feudal |
| 16:13 | Cleaninger · first_building Archery Range |
| 16:19 | Cleaninger · first_building Stable |
| 16:45 | oruiz15phone · wall_segment Palisade Wall x1 |
| 18:17 | Spopovich · first_market_buy 100 food |
| 18:28 | HighKiX · first_market_sell 100 food |
| 18:28 | oruiz15phone · first_building Barracks |
| 19:12 | HighKiX · first_building Archery Range |
| 19:29 | Cleaninger · wall_segment Palisade Wall x2 |
| 20:56 | Cleaninger · age_up castle |
| 21:09 | HighKiX · age_up castle |
| 21:30 | oruiz15phone · first_market_buy 100 food |
| 21:55 | Spopovich · age_up castle |
| 21:55 | oruiz15phone · first_building Stable |
| 22:58 | oruiz15phone · first_market_sell 100 wood |
| 25:06 | Spopovich · first_building Archery Range |
| 25:10 | Cleaninger · first_building Siege Workshop |
| 25:19 | HighKiX · first_building Monastery |
| 25:33 | oruiz15phone · age_up castle |
| 25:42 | Cleaninger · first_building Castle |
| 26:29 | oruiz15phone · first_building Castle |
| 28:39 | Spopovich · first_building Castle |
| 31:32 | HighKiX · first_building Castle |
| 32:00 | HighKiX · first_market_buy 100 stone |
| 32:07 | HighKiX · wall_segment Stone Wall x6 |
| 32:11 | HighKiX · wall_segment Stone Wall x9 |
| 32:12 | HighKiX · wall_segment Stone Wall x1 |
| 32:56 | HighKiX · first_building Siege Workshop |
| 36:26 | Spopovich · first_market_sell 100 wood |
| 39:47 | Spopovich · age_up imperial |
| 42:10 | Cleaninger · age_up imperial |
| 42:18 | Cleaninger · first_market_sell 100 wood |
| 45:59 | Cleaninger · first_market_buy 100 stone |
| 51:59 | oruiz15phone · first_building Siege Workshop |
| 52:05 | oruiz15phone · age_up imperial |
| 62:29 | HighKiX · resign |
[ AI ANALYSIS · 1 CREDIT ]
What really happened in this match?
Wolo.gg analyzes every decision: build order, eco, micro, common mistakes by bracket. Personalized analysis on WhatsApp or Discord in 30 seconds.
Civ guide
Muisca
Map guide
Nomad
Perfil
HighKiX